 Dungeon Crawl Stone Soup version 0.29-a0-553-g81b289dbe5 (webtiles) character file.

Game seed: 15473924038970691271

55055 Ijustatesigmund the Gargoyle Aeon (level 14, -5/132 HPs)
             Began as a Gargoyle Earth Elementalist on June 7, 2022.
             Was the Champion of Cheibriados.
             Slain by Jorgrun
             ... wielding a staff of earth
              (24 damage)
             ... on level 13 of the Dungeon.
             The game lasted 01:21:23 (27109 turns).

Ijustatesigmund the Gargoyle Aeon (GrEE)           Turns: 27109, Time: 01:21:25

Health: -5/132     AC: 17    Str: 27    XL:     14   Next: 75%
Magic:  13/36      EV: 15    Int: 39    God:    Cheibriados [******]
Gold:   1280       SH: 15    Dex: 25    Spells: 14/31 levels left

rFire   . . .      SeeInvis .   f - +5 flail (elec)
rCold   . . .      Faith    .   d - +3 buckler
rNeg    + . .      Spirit   .   q - +0 troll leather armour
rPois   ∞          Reflect  +   (no helmet)
rElec   +          Harm     .   A - +1 cloak of Tysk {rElec Int+3}
rCorr   .          Rampage  .   (no gloves)
Will    +....                   (no boots)
Stlth   ..........              n - amulet of reflection
HPRegen 1.12/turn               i - ring of magical power
MPRegen 0.25/turn               z - ring of wizardry

@: berserking (expiring), flying, very slow
A: sickness immunity, AC +10, big wings, negative energy resistance 1,
electricity resistance, torment resistance 1, petrification resistance,
MP-powered wands
a: Renounce Religion, Bend Time, Temporal Distortion, Slouch, Step From Time


You were on level 13 of the Dungeon.
You worshipped Cheibriados.
Cheibriados was exalted by your worship.
You visited 3 branches of the dungeon, and saw 20 of its levels.

You collected 1280 gold pieces.

Inventory:

Hand Weapons
 f - a +5 flail of electrocution (weapon)
 y - a +0 demon whip of venom
Missiles
 a - 555 stones
 g - 2 silver boomerangs
 r - 5 boomerangs of dispersal
 G - a throwing net
Armour
 b - a +1 robe of the Archmagi
 d - a +3 buckler (worn)
 q - a +0 troll leather armour (worn)
 A - the +1 cloak of Tysk (worn) {rElec Int+3}
   (You found it on level 6 of the Lair of Beasts)

   Int:       It affects your intelligence (+3).
   rElec:     It insulates you from electricity.
Magical Staves
 x - a staff of conjuration
Jewellery
 i - a ring of magical power (left hand)
 j - a +4 ring of slaying
 n - an amulet of reflection (around neck)
 z - a ring of wizardry (right hand)
 B - an amulet of the acrobat
 F - a +4 ring of protection
 P - a ring of protection from fire
Wands
 v - a wand of flame (14)
 w - a wand of digging (5)
 D - a wand of polymorph (13)
 H - a wand of iceblast (2)
Scrolls
 p - 4 scrolls of blinking
 u - 2 scrolls of poison
 K - 6 scrolls of teleportation
 L - a scroll of magic mapping
 M - a scroll of brand weapon
 N - a scroll of fog
 O - a scroll of identify
 Q - 2 scrolls of fear
 R - a scroll of enchant weapon
Potions
 c - 2 potions of magic
 e - 2 potions of cancellation
 h - 4 potions of ambrosia
 k - 3 potions of resistance
 l - 4 potions of lignification
 m - 7 potions of curing
 o - 9 potions of brilliance
 t - a potion of berserk rage
 C - a potion of invisibility {unknown}
 E - 3 potions of heal wounds
 I - 3 potions of attraction {unknown}
 J - 3 potions of might {unknown}


   Skills:
 + Level 10.5 Fighting
 + Level 8.2 Maces & Flails
 + Level 6.3 Armour
 + Level 4.5 Dodging
 - Level 2.1 Stealth
 + Level 5.0 Shields
 - Level 9.3 Spellcasting
 - Level 9.3 Conjurations
 - Level 2.6 Translocations
 - Level 0.7 Transmutations
 - Level 3.6 Fire Magic
 - Level 4.1 Air Magic
 - Level 8.5 Earth Magic
 - Level 7.6 Poison Magic
 + Level 11.3 Invocations


You had 14 spell levels left.
You knew the following spells:

 Your Spells              Type           Power      Damage    Failure   Level
a - Sandblast             Erth           100%       2d20      1%          1
b - Stone Arrow           Conj/Erth      100%       3d13      1%          3
c - Blink                 Tloc           78%        N/A       1%          2
d - Mephitic Cloud        Conj/Pois/Air  64%        N/A       1%          3
e - Sticky Flame          Conj/Fire      62%        2d8       1%          4
f - Olgreb's Toxic Radia  Pois           67%        N/A       1%          4

Your spell library contained the following spells:

 Spells                   Type           Power      Damage    Failure   Level
 Beastly Appendage        Tmut           46%        N/A       1%          1
 Sting                    Tmut/Pois      100%       1d8       1%          1
 Ensorcelled Hibernation  Hex/Ice        36%        N/A       1%          2
 Passwall                 Tmut/Erth      43%        N/A       1%          2
 Poisonous Vapours        Pois/Air       100%       N/A       1%          2
 Static Discharge         Conj/Air       63%        N/A       1%          2
 Wereblood                Tmut           23%        N/A       1%          2
 Gell's Gravitas          Tloc           39%        N/A       1%          3
 Lesser Beckoning         Tloc           39%        N/A       1%          3
 Spider Form              Tmut/Pois      50%        N/A       1%          3
 Swiftness                Air            50%        N/A       1%          3
 Teleport Other           Tloc           39%        N/A       1%          3
 Hailstorm                Conj/Ice       53%        3d12      1%          4
 Petrify                  Tmut/Erth      52%        N/A       1%          4
 Call Canine Familiar     Summ           18%        N/A       3%          3
 Summon Guardian Golem    Hex/Summ       18%        N/A       3%          3
 Tukima's Dance           Hex            18%        N/A       3%          3
 Passage of Golubria      Tloc           39%        N/A       4%          4
 Ice Form                 Ice/Tmut       20%        N/A       11%         4
 Dispel Undead            Necr           18%        3d11      12%         4
 Yara's Violent Unravell  Hex/Tmut       10%        3d6       26%         5
 Dispersal                Tloc           19%        N/A       50%         6
 Simulacrum               Ice/Necr       9%         N/A       86%         6
 Ozocubu's Refrigeration  Ice            9%         4d6       100%        7
 Ignition                 Fire           23%        3d8       100%        8


Dungeon Overview and Level Annotations

Branches:
Dungeon (13/15)            Temple (1/1) D:5            Lair (6/6) D:8
 Shoals (0/4) Lair:2       Spider (0/4) Lair:3        Slime (0/5) Lair:6
    Orc (0/2) D:12
 Vaults: D:13-14

Altars:
Ashenzari
Cheibriados
Dithmenos
Elyvilon
Fedhas
Gozag
Hepliaklqana
Kikubaaqudgha
Makhleb
Nemelex Xobeh
Okawaru
Qazlal
Ru
Sif Muna
Trog
Uskayaw
Vehumet
Wu Jian
Xom
Yredelemnul
Zin
The Shining One
Jiyva

Shops:
D:12 (=

Annotations:
D:13 Jorgrun
Lair:4 3 runed translucent doors, Giocatum's ghost, journeyman DsBe


Innate Abilities, Weirdness & Mutations

You are immune to sickness and miasma.
Your stone body is resilient. (AC +10)
You are immune to poison.
Your large and strong wings let you fly.
You resist negative energy. (rN+)
You are resistant to electric shocks. (rElec)
You are resistant to unholy torment.
You are immune to petrification.
You expend magic power (3 MP) to strengthen your wands.


Message History

You struggle to resist.
You bludgeon Jorgrun!!
Jorgrun is severely wounded.
Jorgrun casts a spell at you.
You struggle to resist.
You hit Jorgrun.
Jorgrun is severely wounded.
Jorgrun barely misses you.
You closely miss Jorgrun.
Jorgrun is severely wounded.
Jorgrun gestures at you while chanting. The iron shot hits you!!!
You hit Jorgrun.
Jorgrun is severely wounded.
Jorgrun closely misses you. Jorgrun hits you with a staff of earth.
Jorgrun shatters you!!
You barely miss Jorgrun.
Jorgrun is severely wounded.
Jorgrun hits you but does no damage. Jorgrun shatters you!!
* * * LOW HITPOINT WARNING * * *
You closely miss Jorgrun.
Jorgrun is severely wounded.
You block the gargoyle's attack. The ogre misses you. Jorgrun misses you.
You closely miss Jorgrun.
Jorgrun is severely wounded.
The gargoyle hurls a stone arrow at you.
The stone arrow hits you!
* * * LOW HITPOINT WARNING * * *
Jorgrun hits you with a staff of earth.
* * * LOW HITPOINT WARNING * * *
Jorgrun shatters you!
* * * LOW HITPOINT WARNING * * *
You closely miss Jorgrun.
Jorgrun is severely wounded.
You block the ogre's attack. You block the gargoyle's attack.
A gnoll sergeant comes into view. It is wielding a +0 trident.
Jorgrun hits you with a staff of earth.
* * * LOW HITPOINT WARNING * * *
Jorgrun shatters you!!
You die...

##.. ## # # #
...### ##(..
.=......###.[..<.
#..g###...###..
#.g@O.....#
.....###9..###...
##. .###.... . ..
###.. ... ....
##..# #9.


You could see Jorgrun, a gargoyle, an ogre and a gnoll sergeant.

Vanquished Creatures
  A sphinx (shapeshifter) (D:11)
  Snorg (D:12)
  A fire dragon (Lair:6)
  7 hydras
  4 boulder beetles
  An ogre mage (D:11)
  A catoblepas (Lair:6)
  A radroach (shapeshifter) (D:11)
  4 two-headed ogres
  A centaur warrior (D:13)
  Erica (D:10)
  2 death yaks (Lair:3)
  Urug (Lair:4)
  Sonja (Lair:2)
  Nergalle (Lair:3)
  Amaemon (Lair:2)
  A lindwurm (Lair:6)
  Pikel (D:4)
  An orc knight (D:12)
  A manticore (D:11)
  A cyclops (D:11)
  An ugly thing (D:11)
  3 elephants (Lair:6)
  5 black mambas
  2 molten gargoyles (Lair:6)
  An orange demon (Lair:2)
  2 gargoyles (D:11)
  13 komodo dragons
  6 cane toads
  A torpor snail (Lair:3)
  An unseen horror (D:13)
  An efreet (D:11)
  4 kobold demonologists (D:12)
  2 rime drakes
  A hornet (Lair:3)
  3 trolls
  5 slime creatures (D:12)
  20 blink frogs
  3 jumping spiders (Lair:3)
  2 shadows (D:10)
  2 culicivoras (Lair:3)
  4 wyverns
  3 wraiths
  Eustachio (D:6)
  A vampire (D:10)
  35 yaks
  A steam dragon (Lair:6)
  3 basilisks
  10 vampire mosquitoes
  Menkaure (D:7)
  2 acid dragons
  4 hell hounds (Lair:6)
  10 water moccasins
  11 orc warriors
  2 black bears
  A sky beast (D:6)
  5 ogres
  12 wolves
  2 centaurs
  4 lemures
  2 phantoms
  3 kobold brigands
  9 bullfrogs
  3 gnoll sergeants
  2 necrophages
  7 scorpions
  5 wights
  3 killer bees
  6 electric eels
  4 howler monkeys
  5 lava snakes (Lair:6)
  5 hounds
  Crazy Yiuf (D:7)
  2 gnoll shamans
  3 orc priests
  7 orc wizards
  5 iguanas
  6 hell rats (Lair:6)
  23 gnolls
  12 adders
  2 white imps
  A worm (D:2)
  3 dart slugs
  52 orcs
  3 ball pythons
  3 endoplasms
  2 giant cockroaches
  16 goblins
  3 hobgoblins
  2 quokkas
  5 bats
  4 frilled lizards
  14 kobolds
  5 rats
  A butterfly (D:5)
453 creatures vanquished.

Vanquished Creatures (others)
  2 orcs
  15 fungi
  3 plants
20 creatures vanquished.

Grand Total: 473 creatures vanquished

Notes
Turn   | Place    | Note
-------+----------+-------------------------------------------
     0 | D:1      | Ijustatesigmund the Gargoyle Earth Elementalist began the
                  | quest for the Orb.
     0 | D:1      | Reached XP level 1. HP: 10/10 MP: 3/3
    27 | D:1      | Got the Tome of Creative Dislocation
   426 | D:1      | Reached XP level 2. HP: 16/16 MP: 3/5
   934 | D:1      | Reached skill level 1 in Fighting
   934 | D:1      | Reached skill level 1 in Shields
  1289 | D:2      | Reached XP level 3. HP: 20/20 MP: 3/6
  1332 | D:2      | Learned a level 3 spell: Stone Arrow
  1722 | D:2      | Found a faded altar of an unknown god.
  2435 | D:3      | Reached XP level 4. HP: 26/26 MP: 5/7
  3155 | D:3      | Reached skill level 1 in Conjurations
  3393 | D:4      | Reached XP level 5. HP: 24/30 MP: 6/9
  3831 | D:3      | Reached XP level 6. HP: 31/37 MP: 0/10
  4001 | D:4      | Reached skill level 1 in Maces & Flails
  4031 | D:4      | Noticed Pikel
  4865 | D:5      | Entered Level 5 of the Dungeon
  4872 | D:5      | Reached XP level 7. HP: 40/41 MP: 6/12
  5510 | D:5      | Found a staircase to the Ecumenical Temple.
  5998 | D:5      | Reached XP level 8. HP: 44/46 MP: 4/14
  6493 | D:6      | Reached skill level 5 in Spellcasting
  6493 | D:6      | Reached skill level 5 in Conjurations
  7111 | D:4      | Killed Pikel
  7112 | D:4      | Reached skill level 5 in Maces & Flails
  7112 | D:4      | Reached XP level 9. HP: 50/50 MP: 3/18
  7236 | Temple   | Entered the Ecumenical Temple
  7623 | Temple   | Became a worshipper of Cheibriados the Contemplative
  7854 | D:6      | Noticed Eustachio
  7928 | D:6      | Killed Eustachio
  8086 | D:6      | Reached skill level 5 in Earth Magic
  8379 | D:6      | Found a bloodstained altar of Trog.
  8884 | D:6      | Learned a level 2 spell: Blink
  8911 | D:6      | Reached * piety under Cheibriados
  9240 | D:6      | Reached skill level 1 in Translocations
  9776 | D:7      | Reached XP level 10. HP: 58/58 MP: 3/20
 10018 | D:7      | Noticed Menkaure
 10022 | D:7      | Killed Menkaure
 10022 | D:7      | Reached ** piety under Cheibriados
 10023 | D:7      | Reached skill level 5 in Fighting
 10344 | D:7      | Found a runed translucent door.
 10345 | D:7      | Noticed Crazy Yiuf
 10675 | D:7      | Killed Crazy Yiuf
 10816 | D:8      | Found the +8 trident of the Octopus King {venom, rElec
                  | rPois}
 11451 | D:9      | Reached skill level 1 in Invocations
 11453 | D:9      | Reached *** piety under Cheibriados
 12505 | D:9      | Identified a scroll of acquirement
 12505 | D:9      | Acquired Secret Knowledge Continued
 12513 | D:9      | Learned a level 3 spell: Mephitic Cloud
 12535 | D:10     | Entered Level 10 of the Dungeon
 12618 | D:10     | Noticed a two-headed ogre
 12623 | D:10     | Killed a two-headed ogre
 12624 | D:10     | Reached skill level 1 in Armour
 12624 | D:10     | Reached skill level 1 in Air Magic
 12624 | D:10     | Reached skill level 1 in Poison Magic
 12624 | D:10     | Reached skill level 2 in Invocations
 13016 | D:10     | Reached skill level 3 in Invocations
 13024 | D:10     | Reached XP level 11. HP: 49/64 MP: 12/22
 13076 | D:10     | Reached **** piety under Cheibriados
 13198 | D:10     | Noticed a two-headed ogre
 13208 | D:10     | Killed a two-headed ogre
 13297 | D:10     | Noticed Erica
 13301 | D:10     | Killed Erica
 13734 | D:11     | Reached skill level 4 in Invocations
 13737 | D:11     | Noticed a cyclops
 13754 | D:10     | Reached ***** piety under Cheibriados
 13911 | D:11     | Noticed a boulder beetle
 13911 | D:11     | Noticed a two-headed ogre
 14064 | D:11     | Noticed an ogre mage
 14073 | D:11     | Killed an ogre mage
 14085 | D:11     | Killed a cyclops
 14523 | D:11     | Killed a two-headed ogre
 14880 | D:11     | Killed a boulder beetle
 14881 | D:11     | Reached skill level 5 in Invocations
 15077 | D:11     | Noticed a jorogumo
 15078 | D:11     | Noticed a sphinx
 15078 | D:11     | a jorogumo changed into a sphinx
 15088 | D:11     | Killed a sphinx
 15089 | D:11     | Reached XP level 12. HP: 57/73 MP: 9/24
 15213 | D:11     | Noticed a seven-headed hydra
 15493 | D:11     | Learned a level 4 spell: Sticky Flame
 15569 | D:11     | Killed a seven-headed hydra
 15570 | D:11     | Reached skill level 1 in Fire Magic
 15576 | D:11     | Noticed a two-headed ogre
 15628 | D:11     | Killed a two-headed ogre
 15818 | D:11     | Noticed a radroach
 15831 | D:11     | Killed a radroach
 15832 | D:11     | Reached skill level 6 in Invocations
 16862 | D:11     | Gained mutation: You sometimes lose the ability to read
                  | scrolls when taking damage. [potion of mutation]
 16862 | D:11     | Gained mutation: You occasionally shout uncontrollably at
                  | your foes. [potion of mutation]
 16862 | D:11     | Lost mutation: You occasionally shout uncontrollably at
                  | your foes. [potion of mutation]
 16862 | D:11     | Gained mutation: Your flesh is heat resistant. (rF+)
                  | [potion of mutation]
 16863 | D:11     | Lost mutation: Your flesh is heat resistant. (rF+) [potion
                  | of mutation]
 16863 | D:11     | Lost mutation: You sometimes lose the ability to read
                  | scrolls when taking damage. [potion of mutation]
 16863 | D:11     | Gained mutation: You expend magic power (3 MP) to
                  | strengthen your wands. [potion of mutation]
 16863 | D:11     | Gained mutation: You have sharp fingernails. [potion of
                  | mutation]
 16864 | D:11     | Lost mutation: You have sharp fingernails. [potion of
                  | mutation]
 16864 | D:11     | Lost mutation: You expend magic power (3 MP) to strengthen
                  | your wands. [potion of mutation]
 16864 | D:11     | Gained mutation: You have sharp toenails. [potion of
                  | mutation]
 16864 | D:11     | Gained mutation: You are dopey. (Int -2) [potion of
                  | mutation]
 16864 | D:11     | Gained mutation: Your large and strong wings let you fly.
                  | [potion of mutation]
 16865 | D:11     | Lost mutation: You have sharp toenails. [potion of
                  | mutation]
 16865 | D:11     | Lost mutation: You are dopey. (Int -2) [potion of mutation]
 16865 | D:11     | Lost mutation: Your large and strong wings let you fly.
                  | [potion of mutation]
 16865 | D:11     | Gained mutation: You expend magic power (3 MP) to
                  | strengthen your wands. [potion of mutation]
 17203 | D:12     | Noticed Snorg
 17651 | D:12     | Found Fozxasas's Jewellery Boutique.
 17845 | D:12     | Killed Snorg
 17922 | D:12     | Reached skill level 7 in Invocations
 18245 | D:12     | Noticed a boulder beetle
 18253 | D:12     | Killed a boulder beetle
 18374 | D:12     | Found Lilionku's Weapon Emporium.
 18375 | D:12     | Found a staircase to the Orcish Mines.
 18980 | D:8      | Found a staircase to the Lair.
 18988 | D:8      | Reached ****** piety under Cheibriados
 19642 | Lair:1   | Entered Level 1 of the Lair of Beasts
 19642 | Lair:1   | Noticed a five-headed hydra
 19646 | Lair:1   | Killed a five-headed hydra
 19647 | Lair:1   | Reached XP level 13. HP: 80/80 MP: 22/25
 21293 | Lair:2   | Noticed Sonja
 21294 | Lair:2   | Killed Sonja
 21295 | Lair:2   | Reached skill level 8 in Invocations
 21388 | Lair:2   | Noticed Amaemon
 21396 | Lair:2   | Killed Amaemon
 21567 | Lair:2   | Reached skill level 5 in Armour
 21769 | Lair:2   | Found a staircase to the Shoals.
 21928 | Lair:2   | Reached skill level 10 in Fighting
 22821 | Lair:3   | Noticed Nergalle
 22831 | Lair:3   | Killed Nergalle
 22832 | Lair:3   | Reached skill level 5 in Poison Magic
 22832 | Lair:3   | Reached skill level 9 in Invocations
 22849 | Lair:3   | Gained mutation: Your large and strong wings let you fly.
                  | [Gargoyle growth]
 22849 | Lair:3   | Reached XP level 14. HP: 81/88 MP: 9/27
 23119 | Lair:3   | Found a hole to the Spider Nest.
 23675 | Lair:4   | Noticed Urug
 23685 | Lair:4   | Killed Urug
 23696 | Lair:4   | Reached skill level 10 in Invocations
 23996 | Lair:4   | Found a runed translucent gate.
 23996 | Lair:4   | Found a runed translucent gate.
 23998 | Lair:4   | Found a runed translucent gate.
 23998 | Lair:4   | Noticed Giocatum's ghost (journeyman DsBe)
 24597 | Lair:5   | You are sucked into a shaft and drop 1 floor!
 24597 | Lair:6   | Entered Level 6 of the Lair of Beasts
 24853 | Lair:6   | Identified the +1 cloak of Tysk {rElec Int+3}
 24986 | Lair:6   | Found a staircase to the Slime Pits.
 24986 | Lair:6   | Found a viscous altar of Jiyva.
 25084 | Lair:6   | Reached skill level 11 in Invocations
 25793 | Lair:6   | Found a large runed translucent door.
 25793 | Lair:6   | Found a large runed translucent door.
 27015 | D:13     | Learned a level 4 spell: Olgreb's Toxic Radiance
 27029 | D:13     | Reached skill level 5 in Shields
 27037 | D:13     | Noticed Jorgrun
 27109 | D:13     | Slain by Jorgrun

Illustrated notes

Levels and vault maps discovered:
D:1:      eino_arrival_tree_alley, layout_rooms, kennysheep_another_room
D:2:      layout_loops_corners, basic_ecumenical_altar
D:3:      layout_loops_ring
D:4:      layout_basic, uniq_pikel
D:5:      layout_rooms, minmay_temple_entry_butterflies, minmay_joined_circles
D:6:      layout_cave_pools, trog_butcher_becter, uniq_eustachio
D:7:      layout_basic, serial_glass, glass_columns_a, glass_columns_b,
          minmay_strange_pillars, minmay_strange_pillars,
          uniq_crazy_yiuf_cottage, uniq_menkaure
D:8:      layout_rooms, erik_lair_island
D:9:      layout_stronghold
D:10:     layout_rooms, special_room [special_room_orc], kennysheep_dice,
          uniq_erica
D:11:     layout_rooms, hangedman_abyss_or_decor_stagger, minivault_20,
          minmay_fractal_squares_gapless_7
D:12:     layout_basic, orc_david_3, serial_shops, nicolae_shop_hallway_stairs,
          amcnicky_mini_pool_small, uniq_snorg
D:13:     nicolae_BIG_FREAKIN_CUBE, layout_loops_ring, david_vaults_4,
          serial_shops, nicolae_shop_window_shopping, uniq_lodul, uniq_jorgrun
Temple:   mainiacjoe_temple_trianglar_array
Lair:1:   layout_layer_cave, serial_bayou_shore_b
Lair:2:   layout_cave_pods, elwin_shoals_entry_rooms, dreamdust_gnoll_shepherd,
          uniq_sonja, uniq_amaemon
Lair:3:   layout_chaotic_city, nicolae_spider_entry_tight_spaces, ldierk_geyser,
          minivault_24, st_stairs_12, uniq_nergalle
Lair:4:   layout_concentric_octagons, ebering_ghost_rock_garden,
          lemuel_fruit_tree, uniq_urug
Lair:5:   layout_regular_city, bobbens_dragon_lair_wall, grunt_megastairs_5,
          infiniplex_staircase_pool_2
Lair:6:   cheibrodos_lair_end_hotspot, layout_cave_pods, slime_altar_1

Skill      XL: |  1  2  3  4  5  6  7  8  9 10 11 12 13 14 |
---------------+-------------------------------------------+-----
Fighting       | 1 2 3 4 6 7 9 10 | 10.5
Shields        | 1 2 3 4 5 |  5.0
Earth Magic    | 4 6 7 8 |  8.5
Conjurations   | 1 2 4 6 7 8 9 |  9.3
Spellcasting   | 3 4 6 7 8 9 |  9.3
Maces & Flails | 1 3 5 6 7 8 |  8.2
Translocations | 1 2 |  2.6
Invocations    | 3 5 7 9 11 | 11.3
Armour         | 2 3 5 6 |  6.3
Air Magic      | 2 4 |  4.1
Poison Magic   | 2 4 5 7 |  7.6
Dodging        | 2 3 4 |  4.5
Fire Magic     | 3 |  3.6
Stealth        | |  2.1
Transmutations | |  0.7

Action                   |  1- 3 |  4- 6 |  7- 9 | 10-12 | 13-15 || total
-------------------------+-------+-------+-------+-------+-------++-------
Melee: Club              |     1 |       |       |       |       ||     1
       Mace              |     1 |     9 |     2 |       |       ||    12
       Flail             |       |       |    86 |   142 |   318 ||   546
 Cast: Sandblast         |    47 |   101 |    37 |    16 |    11 ||   212
       Stone Arrow       |       |     3 |    78 |   206 |   169 ||   456
       Blink             |       |       |     2 |     7 |     1 ||    10
       Mephitic Cloud    |       |       |       |    38 |    43 ||    81
Invok: Slouch            |       |       |       |       |     2 ||     2
       Bend Time         |       |       |       |       |     1 ||     1
Evoke: Wand              |       |       |     2 |    25 |     3 ||    30
  Use: Scroll            |     3 |     1 |    14 |    14 |     5 ||    37
       Potion            |       |     1 |     7 |     4 |     3 ||    15
 Stab: Distracted        |       |       |     2 |       |       ||     2
       Confused          |       |       |       |    10 |    27 ||    37
       Sleeping          |       |       |       |       |     2 ||     2
Armor: Robe              |     3 |    10 |    50 |    57 |       ||   120
       Troll leather arm |       |       |       |     6 |    98 ||   104
Dodge: Dodged            |     4 |    22 |    58 |    98 |   157 ||   339
Block: Buckler           |     2 |    16 |    66 |   174 |   251 ||   509
       Reflection        |       |       |     1 |     6 |     5 ||    12

Table legend: (Time is in decaauts)
 A = Elapsed time spent in this place.
 B = Non-inter-level travel time spent in this place.
 C = Inter-level travel time spent in this place.
 D = Time resting spent in this place.
 E = Time spent auto-exploring this place.
 F = Levels seen in this place.
 G = Mean time per level.
                   A        B        C        D        E       F      G
               +--------+--------+--------+--------+--------+-----+--------+
         Total |  34614 |  32843 |   1771 |  10260 |  18536 |  20 | 1730.7 |
       Dungeon |  22587 |  21459 |   1128 |   8726 |   9940 |  13 | 1737.5 |
        Temple |    424 |    369 |     55 |      0 |    366 |   1 |  424.0 |
          Lair |  11603 |  11016 |    587 |   1534 |   8229 |   6 | 1933.8 |
               +--------+--------+--------+--------+--------+-----+--------+

Top non-repeatable levels by time:
  Lair:6: 3075 daAuts
    D:10: 2829 daAuts
  Lair:1: 2776 daAuts
    D:12: 2530 daAuts
    D:11: 2524 daAuts
     D:6: 2397 daAuts
  Lair:2: 2383 daAuts
     D:9: 2342 daAuts
  Lair:3: 1755 daAuts
     D:3: 1676 daAuts
     D:4: 1571 daAuts
     D:7: 1561 daAuts
  Lair:4: 1530 daAuts
     D:8: 1482 daAuts
     D:5: 1329 daAuts
